 Dungeon Crawl Stone Soup version 0.31.0-11-ge490571c62 (webtiles) character file.

Game seed: 7497106408919563618

229 Skitler the Ducker (level 6, 0/50 HPs)
             Began as a Gnoll Gladiator on Jan 28, 2024.
             Slain by a gnoll sergeant
             ... wielding a +0 heavy spear
              (10 damage)
             ... on level 3 of the Dungeon.
             The game lasted 00:06:04 (2078 turns).

Skitler the Ducker (Gnoll Gladiator)                Turns: 2078, Time: 00:06:05

Health: 0/50       AC:  4    Str: 15    XL:     6   Next: 3%
Magic:  8/8        EV: 14    Int:  7    God:
Gold:   98         SH:  0    Dex: 14    Spells: 8/8 levels left

rFire   . . .        a - +0 trident
rCold   . . .        (no shield)
rNeg    . . .        o - +0 leather armour {Will+}
rPois   .            i - +1 hat
rElec   .            (no cloak)
rCorr   .            (no gloves)
SInv    .            (no boots)
Will    +....        (no amulet)
Stlth   ++           (no ring)
HPRegen 0.28/turn    (no ring)
MPRegen 0.11/turn

%: no passive effects
@: no status effects
A: fangs 1, strong nose, distributed training
a: no special abilities


You were on level 3 of the Dungeon.
You visited 1 branch of the dungeon, and saw 3 of its levels.

You collected 118 gold pieces.
You spent 20 gold pieces at shops.

Inventory:

Hand Weapons
 a - a +0 trident (weapon)
Missiles
 e - a javelin
 s - 5 datura-tipped darts
Armour
 b - a +0 leather armour
 c - a +0 helmet
 i - a +1 hat (worn)
 o - a +0 leather armour of willpower (worn)
Wands
 l - a wand of polymorph (4)
Scrolls
 h - 3 scrolls of blinking {unknown}
 k - 2 scrolls of noise {unknown}
 m - 2 scrolls of identify
 n - 2 scrolls of teleportation {unknown}
Potions
 f - 2 potions of berserk rage {unknown}
 g - a potion of heal wounds {unknown}
 j - 2 potions of invisibility {unknown}
 p - a potion of curing {unknown}
 q - a potion of resistance {unknown}
 r - a potion of mutation {unknown}


   Skills:
 + Level 4.9 Fighting
 + Level 1.8 Short Blades
 + Level 1.8 Long Blades
 + Level 1.8 Axes
 + Level 1.8 Maces & Flails
 + Level 6.8 Polearms
 + Level 1.8 Staves
 + Level 1.8 Ranged Weapons
 + Level 4.9 Throwing
 + Level 1.8 Armour
 + Level 6.8 Dodging
 + Level 1.8 Stealth
 + Level 1.8 Shields
 + Level 1.8 Unarmed Combat
 + Level 1.8 Spellcasting
 + Level 1.4 Conjurations
 + Level 1.4 Hexes
 + Level 1.4 Summonings
 + Level 1.4 Necromancy
 + Level 1.4 Translocations
 + Level 1.4 Fire Magic
 + Level 1.4 Ice Magic
 + Level 1.4 Air Magic
 + Level 1.4 Earth Magic
 + Level 1.4 Alchemy
 + Level 2.0 Invocations
 + Level 1.8 Evocations
 + Level 1.6 Shapeshifting


You had 8 spell levels left.
You didn't know any spells.
Your spell library contained the following spells:

 Spells                   Type           Power      Damage    Failure   Level
 Apportation              Tloc           4%         N/A       26%         1
 Jinxbite                 Hex            4%         N/A       38%         2
 Alistair's Intoxication  Alch           1%         N/A       100%        5


Dungeon Overview and Level Annotations

Branches:
Dungeon (3/15)

Altars:

Shops:
D:1 =(*(   D:3 *

Annotations:
D:3 Ijyb


Innate Abilities, Weirdness & Mutations

You have very sharp teeth.
Your uncanny sense of smell can sniff out nearby items.
Your experience applies equally to all skills.


Message History

The gnoll sergeant hits you from afar with a +0 heavy spear.
You reach to attack!
You hit the gnoll sergeant but do no damage.
The gnoll sergeant is lightly wounded.
Ijyb zaps a wand.
You resist with almost no effort.
The gnoll sergeant hits you from afar with a +0 heavy spear!
You reach to attack!
You hit the gnoll sergeant but do no damage.
The gnoll sergeant is lightly wounded.
You reach to attack!
You hit the gnoll sergeant.
The gnoll sergeant is moderately wounded.
The gnoll sergeant hits you from afar with a +0 heavy spear.
You hit Ijyb but do no damage.
The gnoll zaps a wand.
The bolt of dispelling energy misses you.
Ijyb zaps a wand.
You resist with almost no effort. The gnoll sergeant closely misses you.
You barely miss Ijyb. Ijyb barely misses you.
Unknown command.
You closely miss Ijyb.
The gnoll sergeant hits you from afar with a +0 heavy spear.
The gnoll zaps a wand.
The bolt of dispelling energy misses you.
Ijyb hits you with a +0 club.
Unknown command.
You puncture Ijyb!
Ijyb is moderately wounded.
The gnoll hits you with a +0 mace. Ijyb closely misses you.
The gnoll sergeant hits you from afar with a +0 heavy spear!
* * * LOW HITPOINT WARNING * * *
Okay, then.
Ijyb attacks as she pursues you! Ijyb hits you with a +0 club.
* * * LOW HITPOINT WARNING * * *
The gnoll zaps a wand.
The bolt of dispelling energy misses you.
Okay, then.
The gnoll closely misses you. Ijyb misses you.
You hit the gnoll but do no damage. You punch the gnoll.
The gnoll is lightly wounded.
The gnoll sergeant hits you from afar with a +0 heavy spear!
You die...

# .... ..
......########.## ......
.......... ....
#......... ... #@gg......
# #....# #.##.g..<....
##.#....# #............
...#....# ##...........
####....# ##.#.........
...#....#####..#......###
...#....##....##......#
...#....##.#####......#
...#......[# #......#


You could see a gnoll sergeant, Ijyb and a gnoll.

Vanquished Creatures
  A hound (D:3)
  Jessica (D:2)
  An iguana (D:3)
  Robin (D:2)
  3 adders (D:3)
  3 gnolls (D:3)
  2 dart slugs (D:3)
  2 ribbon worms
  10 endoplasms
  4 giant cockroaches
  8 goblins
  6 hobgoblins
  4 jackals (D:2)
  4 quokkas (D:1)
  3 ball pythons
  7 bats
  4 frilled lizards
  3 kobolds (D:1)
  5 rats
  A spectral hobgoblin (D:2)
73 creatures vanquished.

Notes
Turn   | Place    | Note
-------+----------+-------------------------------------------
     0 | D:1      | Skitler the Gnoll Gladiator began the quest for the Orb.
     0 | D:1      | Reached XP level 1. HP: 20/20 MP: 1/1
    79 | D:1      | Found Oleu's Jewellery Boutique.
    92 | D:1      | Reached XP level 2. HP: 26/26 MP: 2/2
   306 | D:1      | Found Umehahak's Weapon Shop.
   328 | D:1      | Reached XP level 3. HP: 29/31 MP: 3/3
   398 | D:1      | Found Radiulorgh's Weapon Shop.
   491 | D:1      | Reached skill level 1 in Invocations
   613 | D:1      | Found Lilaruxu's Assorted Antiques.
   672 | D:2      | Found a faded altar of an unknown god.
   929 | D:2      | Noticed Jessica
   995 | D:2      | Killed Jessica
   996 | D:2      | Reached skill level 1 in Short Blades
   996 | D:2      | Reached skill level 1 in Long Blades
   996 | D:2      | Reached skill level 1 in Axes
   996 | D:2      | Reached skill level 1 in Maces & Flails
   996 | D:2      | Reached skill level 1 in Staves
   996 | D:2      | Reached skill level 1 in Ranged Weapons
   996 | D:2      | Reached skill level 1 in Armour
   996 | D:2      | Reached skill level 1 in Stealth
   996 | D:2      | Reached skill level 1 in Shields
   996 | D:2      | Reached skill level 1 in Unarmed Combat
   996 | D:2      | Reached skill level 1 in Spellcasting
   996 | D:2      | Reached skill level 1 in Evocations
   996 | D:2      | Reached skill level 1 in Shapeshifting
   996 | D:2      | Reached XP level 4. HP: 38/38 MP: 5/5
  1085 | D:2      | Noticed Robin
  1093 | D:2      | Killed Robin
  1094 | D:2      | Reached skill level 1 in Conjurations
  1094 | D:2      | Reached skill level 1 in Hexes
  1094 | D:2      | Reached skill level 1 in Summonings
  1094 | D:2      | Reached skill level 1 in Necromancy
  1094 | D:2      | Reached skill level 1 in Translocations
  1094 | D:2      | Reached skill level 1 in Fire Magic
  1094 | D:2      | Reached skill level 1 in Ice Magic
  1094 | D:2      | Reached skill level 1 in Air Magic
  1094 | D:2      | Reached skill level 1 in Earth Magic
  1094 | D:2      | Reached skill level 1 in Alchemy
  1761 | D:3      | Reached XP level 5. HP: 43/43 MP: 5/7
  2002 | D:3      | Found Movekoc's General Store.
  2008 | D:3      | Reached XP level 6. HP: 44/50 MP: 8/8
  2035 | D:3      | Bought a scroll of identify for 20 gold pieces
  2062 | D:3      | Noticed Ijyb
  2078 | D:3      | Slain by a gnoll sergeant

Illustrated notes

Levels and vault maps discovered:
D:1:      dpeg_arrival_rooms_c, layout_rooms, serial_shops,
          nicolae_shop_behind_doors, nicolae_lakefront_shop,
          nicolae_shop_bloodbath_and_beyond, nicolae_shop_gaudy_bauble,
          dk_noncrumbling_2
D:2:      minmay_door_path, layout_loops_corners,
          dreamdust_ecumenical_altar_drowned_temple, corexii_leaking_fountain,
          minmay_unequal, uniq_jessica, uniq_robin
D:3:      layout_basic, serial_shops, shop, uniq_ijyb

Skill      XL: |  1  2  3  4  5 |
---------------+----------------+-----
Invocations    | 1 2 |  2.0
Short Blades   | 1 |  1.8
Long Blades    | 1 |  1.8
Axes           | 1 |  1.8
Maces & Flails | 1 |  1.8
Staves         | 1 |  1.8
Ranged Weapons | 1 |  1.8
Armour         | 1 |  1.8
Stealth        | 1 |  1.8
Shields        | 1 |  1.8
Unarmed Combat | 1 |  1.8
Spellcasting   | 1 |  1.8
Evocations     | 1 |  1.8
Shapeshifting  | 1 |  1.6
Conjurations   | 1 |  1.4
Hexes          | 1 |  1.4
Summonings     | 1 |  1.4
Necromancy     | 1 |  1.4
Translocations | 1 |  1.4
Fire Magic     | 1 |  1.4
Ice Magic      | 1 |  1.4
Air Magic      | 1 |  1.4
Earth Magic    | 1 |  1.4
Alchemy        | 1 |  1.4
Fighting       | |  4.9
Polearms       | |  6.8
Throwing       | |  4.9
Dodging        | |  6.8

Action                     |  1- 3 |  4- 6 || total
---------------------------+-------+-------++-------
  Melee: Trident           |   103 |   122 ||   225
         Bite              |    10 |    13 ||    23
         Punch             |     1 |     3 ||     4
  Throw: Throwing net      |     1 |     2 ||     3
   Stab: Sleeping          |     2 |     2 ||     4
 Armour: Leather armour    |    23 |    41 ||    64
  Dodge: Dodged            |    62 |    69 ||   131
